[Event "FRA-ch Teams Top 16-Bas 2022"]
[Site "Chartres"]
[Date "2022.06.16"]
[Round "8.21"]
[White "Postny, Evgeny"]
[Black "Heinz, Timothee"]
[Result "1-0"]
[ECO "D35"]
[WhiteElo "2563"]
[BlackElo "2381"]
[Annotator "TA"]
[PlyCount "73"]
[EventDate "2022.06.16"]
[EventType "team-tourn"]
[EventCountry "FRA"]
[SourceTitle "playchess.com"]
[Source "ChessBase"]
[SourceQuality "1"]
[TimeControl "40/5400+30:1800+30"]

1. d4 d5 2. c4 e6 3. Nc3 Nf6 4. cxd5 exd5 5. Bg5 c6 6. e3 Bf5 7. Qf3 Bg6 8. Bxf6 Qxf6 9. Qxf6 gxf6 10. h4 h5 {[%emt 0:03:10] 10...h5 scores better than 10...Nd7. D35: Queen's Gambit Declined: Exchange Variation.} 11. O-O-O $5 {[%emt 0:02:29][%mdl 4] Leaves trodden paths.} Nd7 12. Bd3 Bxd3 {[%emt 0:04:49] White has an edge.} 13. Rxd3 Rg8 14. g3 f5 15. Nh3 Bd6 {[%emt 0:02:15] [#]} 16. Ne2 $146 ({Predecessor:} 16. Kd1 Nf6 17. Ke2 Ke7 18. Kf3 Ne4 19. Ne2 a5 20. Nhf4 Rh8 21. Kg2 Nf6 22. Rc1 {0-1 (65) Neelotpal,D (2486)-Babu,N (2333) Chennai 2008}) 16... Nf6 17. Nef4 Kd7 18. Kd1 a5 19. Ke2 Rae8 20. Kf3 Re7 21. Rc1 Ra8 22. Rdd1 a4 23. Nd3 {[%emt 0:00:59] Pair of Knights!} b6 {[%emt 0:01:41] This costs Black the game.} ({Better is} 23... Ree8 $14) 24. Rc2 $18 Rc8 25. Rdc1 Ne4 26. Nhf4 {[%emt 0:00:25][%cal Of4d5] [#] Threatens to win with Nxd5!} Nf6 27. b3 axb3 28. axb3 Ree8 29. b4 Rc7 30. Ra1 Rb7 31. Ra6 Bb8 (31... Rc8 {keeps fighting.} 32. b5 cxb5) 32. Ra8 Re4 33. b5 {[%emt 0:23:40] Chess con chili.} cxb5 34. Rb2 Re8 35. Rxb5 Kc6 36. Rb2 Kd6 $2 {[%emt 0:02:57] [#]} (36... Bd6) 37. Nc5 $1 {[%emt 0:00:59][%mdl 512] Weighted Error Value: White=0.02 (flawless) /Black=0.20 (precise)} 1-0

[Event "FRA-ch Teams Top 16-Bas 2022"]
[Site "Chartres"]
[Date "2022.06.16"]
[Round "8.22"]
[White "Godart, Francois"]
[Black "Feller, Sebastien"]
[Result "1/2-1/2"]
[ECO "C36"]
[WhiteElo "2399"]
[BlackElo "2569"]
[Annotator "TA"]
[PlyCount "84"]
[EventDate "2022.06.16"]
[EventType "team-tourn"]
[EventCountry "FRA"]
[SourceTitle "playchess.com"]
[Source "ChessBase"]
[SourceQuality "1"]
[TimeControl "40/5400+30:1800+30"]

1. e4 e5 2. f4 d5 3. exd5 exf4 4. Nf3 Nf6 5. Bb5+ c6 6. dxc6 Nxc6 7. Nc3 {[%emt 0:00:00] [#] C36: King's Gambit Accepted: 3 Nf3 d5.} Qb6 $146 ({Predecessor:} 7... Bd6 8. Qe2+ Be6 9. Nd4 O-O 10. Nxe6 fxe6 11. Bxc6 bxc6 12. b3 Nd5 13. Bb2 f3 14. gxf3 Nf4 {1-0 (36) Nepomniachtchi,I (2773)-Demchenko,A (2654) Chess.com INT 2022}) 8. d4 Bb4 {[%emt 0:12:27] [#] ...Qxb5 is the strong threat.} 9. O-O O-O 10. Bxc6 (10. Bxf4 $2 Bxc3 11. Bxc6 Bxb2 $19) 10... Bxc3 11. bxc3 {[%emt 0:00:00] And now Ba4 would win.} Qxc6 12. Qd3 $1 {[%emt 0:00:00] Prevents Bf5.} b5 13. Bxf4 (13. a4 $5 ) 13... Be6 14. Ne5 Qd5 15. a4 a6 16. axb5 axb5 17. Rxa8 Rxa8 18. Rb1 Ne4 (18... Qa2 $5 19. Re1 (19. Rxb5 Qa1+ 20. Kf2 Bd5 $11) (19. Qxb5 Ne4 $11) 19... h6 $14) 19. c4 bxc4 {[%emt 0:00:21] The position is equal.} 20. Nxc4 Qb5 21. Nd2 (21. Rxb5 $2 {is the wrong capture.} Ra1+ 22. Qf1 Rxf1+ 23. Kxf1 Bxc4+ 24. Ke1 Bxb5 $19) 21... Qxd3 22. cxd3 Nc3 23. Rb8+ Rxb8 24. Bxb8 $11 {[%emt 0:00:00][%mdl 4096] Endgame KBN-KBN} Ne2+ 25. Kf2 Nxd4 26. Be5 Nc6 27. Bc3 f6 28. Nc4 Kf7 29. Ne3 Bb3 30. h4 h5 31. Kf3 Ke6 32. d4 Bd5+ 33. Kf4 Ne7 34. g4 $1 hxg4 35. Kxg4 Be4 36. Bb4 Nd5 37. Nxd5 Kxd5 {[%emt 0:00:04] KB-KB} 38. h5 Kxd4 39. Bf8 g5 40. hxg6 Bxg6 41. Bg7 Ke5 42. Bxf6+ Kxf6 {[%emt 0:00:46] Weighted Error Value: White=0.05 (flawless) /Black=0.05 (flawless)} 1/2-1/2

[Event "FRA-ch Teams Top 16-Bas 2022"]
[Site "Chartres"]
[Date "2022.06.16"]
[Round "8.24"]
[White "Monpeurt, Cyrielle"]
[Black "Schippke, Manon"]
[Result "0-1"]
[ECO "B48"]
[WhiteElo "2172"]
[BlackElo "2072"]
[Annotator "NA RC"]
[PlyCount "84"]
[EventDate "2022.06.16"]
[EventType "team-tourn"]
[EventCountry "FRA"]
[SourceTitle "playchess.com"]
[Source "ChessBase"]
[SourceQuality "1"]
[TimeControl "40/5400+30:1800+30"]

1. e4 c5 2. Nf3 e6 3. d4 cxd4 4. Nxd4 Nc6 5. Nc3 Qc7 6. Be3 a6 7. Bd3 Nf6 8. O-O b5 9. Nxc6 Qxc6 10. Re1 Bb7 11. Qe2 b4 12. Nd5 Nxd5 13. exd5 Qxd5 14. f3 Qh5 15. Rad1 Bd6 16. g4 Qh3 17. Be4 Bxe4 18. fxe4 Be5 19. Rd3 Qh4 20. Red1 h5 21. g5 d6 22. Qg2 O-O 23. h3 Rac8 24. Bd4 Rc4 25. b3 Rxd4 26. Rxd4 Bxd4+ 27. Rxd4 d5 28. Kh2 Qf4+ 29. Qg3 Qc1 30. exd5 Qxc2+ 31. Qg2 Qc3 32. Qd2 exd5 33. Rxd5 Qc7+ 34. Kg2 Re8 35. Rd7 Qc6+ 36. Kh2 Qc5 37. Kg2 Re5 38. h4 Qc6+ 39. Kh2 Qe6 40. Rd8+ Kh7 41. Qc2+ g6 42. Rd2 Re4 0-1

[Event "FRA-ch Teams Top 16-Bas 2022"]
[Site "Chartres"]
[Date "2022.06.16"]
[Round "8.25"]
[White "Alonso Rosell, Alvar"]
[Black "Vernay, Clovis"]
[Result "1/2-1/2"]
[ECO "D11"]
[WhiteElo "2557"]
[BlackElo "2523"]
[Annotator "TA"]
[PlyCount "31"]
[EventDate "2022.06.16"]
[EventType "team-tourn"]
[EventCountry "FRA"]
[SourceTitle "playchess.com"]
[Source "ChessBase"]
[SourceQuality "1"]
[TimeControl "40/5400+30:1800+30"]

1. d4 d5 2. c4 c6 3. Nf3 Nf6 4. g3 Bg4 5. Ne5 Bf5 6. Qb3 {[%emt 0:00:26] D11: Slav Defence: 3 Nf3 sidelines and 3...Nf6 4 e3 Bg4.} Qb6 7. cxd5 Qxb3 8. axb3 Nxd5 9. Bg2 {[%emt 0:00:43] [#] And now e4 would win.} Nb4 {[%emt 0:10:12] Strongly threatening ...Nc2+.} 10. O-O Nd7 {[%emt 0:01:32] [#]} (10... Nc2 $11 11. Ra4 f6) 11. Ra4 $146 ({Predecessor:} 11. e4 Nxe5 12. exf5 Ned3 13. Bd2 g6 14. Bc3 Nd5 15. Bxd5 cxd5 16. Rd1 Nxf2 17. Kxf2 gxf5 {1-0 (41) Lysyj,I (2594)-Mikhailovsky,V (2228) Chess.com INT 2020}) 11... e6 $1 12. Bd2 Bxb1 13. Nxd7 Kxd7 {[%emt 0:00:14] The position is equal.} 14. Rxb1 a5 15. Rba1 b6 16. Rc1 {[%emt 0:02:57] Weighted Error Value: White=0.08 (flawless) /Black=0.09 (flawless)} 1/2-1/2

[Event "FRA-ch Teams Top 16-Bas 2022"]
[Site "Chartres"]
[Date "2022.06.16"]
[Round "8.26"]
[White "Benitah, Yohan"]
[Black "Song, Julien"]
[Result "0-1"]
[ECO "D33"]
[WhiteElo "2383"]
[BlackElo "2388"]
[Annotator "TA"]
[PlyCount "74"]
[EventDate "2022.06.16"]
[EventType "team-tourn"]
[EventCountry "FRA"]
[SourceTitle "playchess.com"]
[Source "ChessBase"]
[SourceQuality "1"]
[TimeControl "40/5400+30:1800+30"]

1. d4 d5 2. c4 e6 3. Nc3 c5 4. cxd5 exd5 5. Nf3 Nc6 6. g3 Nf6 7. Bg2 cxd4 {[%emt 0:00:47] is cutting edge theory.} 8. Nxd4 Bc5 9. Be3 {[%emt 0:00:04] Strongly threatening Nxc6. D33: Tarrasch Defence: 6 g3 sidelines.} Qb6 10. Na4 Qb4+ 11. Bd2 {[%emt 0:05:51] White is slightly better.} Qxd4 12. e3 $1 Qe5 {[%emt 0:00:40] Threatens to win with ...Bg4.} 13. Nxc5 Qxb2 14. O-O O-O {[%emt 0:02:11] [#]} 15. Na4 $146 {[%emt 0:04:48][%mdl 1024] White has compensation.} ({Predecessor:} 15. Nd3 Qa3 16. Bc1 Qe7 17. Bb2 Rd8 18. Nf4 Be6 19. Qa4 Ne4 20. Rfd1 f6 21. Rab1 {½-½ (63) Abdusattorov,N (2661)-Oparin,G (2674) Chess.com INT 2022}) 15... Qa3 16. Bc3 Bg4 17. Qc2 Qe7 18. Qb2 Rfd8 19. Rac1 Rd6 20. Nc5 b6 21. Nb3 Rad8 22. Nd4 Nxd4 23. Bxd4 {[%emt 0:00:02] A strong pair of Bishops.} h5 24. a4 Re6 25. Rc3 Ne4 26. Rc2 {[%emt 0:00:15] Hoping for f3.} Ng5 27. f3 ({Better is} 27. Bxg7 $11 Rg6 28. Bd4) 27... Bf5 $15 28. Rc3 Rg6 29. a5 (29. Rfc1 $142) 29... bxa5 {[%emt 0:00:37] Black is more active.} (29... h4 $17 {aiming for ...Nh3+.} 30. axb6 axb6) 30. Rc5 {[%emt 0:00:37] [#] Now White is beyond hope.} (30. Qa3 $1 $15 Qb4 31. Rb3 Qxa3 32. Rxa3) 30... h4 $1 $19 31. g4 (31. Rxa5 {was necessary.} hxg3 32. Rxa7 gxh2+ 33. Kh1) 31... h3 32. Bh1 $2 (32. gxf5 Nxf3+ 33. Rxf3 Rxg2+ 34. Qxg2 hxg2 35. Rg3) 32... Ne6 33. Rxa5 {[%emt 0:00:40] [#]} Bxg4 $1 34. Kf2 (34. Be5 Nf4) 34... Qh4+ 35. Ke2 Bf5 {[%emt 0:00:42] White must now prevent ...Rc8.} 36. Rxa7 Rc8 37. Rc1 Rxc1 {[%emt 0:00:46] Weighted Error Value: White=0.80/Black=0.07 (flawless)} 0-1

[Event "FRA-ch Teams Top 16-Bas 2022"]
[Site "Chartres"]
[Date "2022.06.16"]
[Round "8.27"]
[White "Relange, Eloi"]
[Black "Buscara, Sevan"]
[Result "1/2-1/2"]
[ECO "A12"]
[WhiteElo "2456"]
[BlackElo "2385"]
[Annotator "TA"]
[PlyCount "75"]
[EventDate "2022.06.16"]
[EventType "team-tourn"]
[EventCountry "FRA"]
[SourceTitle "playchess.com"]
[Source "ChessBase"]
[SourceQuality "1"]
[TimeControl "40/5400+30:1800+30"]

1. Nf3 d5 2. g3 Bg4 3. Bg2 Nd7 4. c4 e6 5. b3 Ngf6 6. Bb2 c6 7. O-O Be7 8. d3 O-O 9. Nbd2 a5 10. a3 h6 {[%emt 0:00:36] [#]} 11. Qb1 $146 {[%emt 0:01:19] A12: English Opening: 1...c6 with b3 by White.} ({Predecessor:} 11. Qc2 Bf5 12. Bc3 Bh7 13. Qb2 Nc5 14. Rfd1 Re8 {½-½ (14) Kozul,Z (2593)-Bosiocic,M (2598) Hungary 2020}) 11... Re8 12. Bc3 Bd6 13. h3 Bh5 14. b4 e5 15. e3 {[%emt 0:09:49] Prevents d4.} Bg6 16. Rd1 Bh7 17. Ne1 Bf8 (17... Nb6 $142) 18. Qb3 Qc7 19. Rac1 axb4 20. axb4 Qd6 21. Ra1 b6 22. Rxa8 Rxa8 23. Qb2 Re8 24. b5 cxb5 25. Qxb5 Rc8 26. Bb2 e4 ({Black should try} 26... Rc5 $11 27. Ba3 Rxb5 28. Bxd6 Ra5 29. Bxf8 Kxf8) 27. cxd5 $14 Rc5 28. Qb3 Rxd5 29. Bd4 Nc5 (29... Qe6 $142) 30. Qb2 $16 Rg5 (30... b5 $16 {keeps fighting.}) 31. dxe4 (31. Bxf6 $18 Qxf6 32. Qxf6 gxf6 33. h4 (33. Nxe4 Nxe4 34. Bxe4 Bxe4 $16) (33. dxe4 Re5 $16)) 31... Nfxe4 32. Nef3 $2 {[%emt 0:01:01] [#]} (32. Nc4 $16 {stays on course.} Qc7 33. Qxb6 Qxb6 34. Nxb6) 32... Nxf2 $1 $17 33. Nxg5 Nxd1 34. Nxf7 Qe6 ({Not} 34... Nxb2 35. Nxd6 Bxd6 36. Bxb2 $15) ({Much weaker is} 34... Qxg3 $6 35. Nxh6+ Kh8 36. Nf7+ Kg8 37. Nh6+ Kh8 38. Qa2 Qf2+ 39. Kh2 Nxe3 40. Nf7+ Kg8 41. Nh6+ Kh8 42. Nf7+ Kg8 43. Nh6+ Kh8 $11) (34... Kxf7 $17 35. Qa1 {[#]} Ne6 $1 36. Qxd1 Nxd4 37. exd4 Qxd4+ 38. Kh2 Bf5) 35. Nd8 $11 {[%emt 0:01:18] The position is equal.} Nxb2 36. Nxe6 Nxe6 37. Bd5 {[%emt 0:00:31] [#]} Bc5 $1 {[%emt 0:01:29][%cal Og8f7] Hoping for ...Kf7!} 38. Bxe6+ {[%emt 0:00:40] Weighted Error Value: White=0.21 (precise) /Black=0.25 (precise)} 1/2-1/2

[Event "FRA-ch Teams Top 16-Bas 2022"]
[Site "Chartres"]
[Date "2022.06.16"]
[Round "8.28"]
[White "Marzolo, Cyril"]
[Black "Ramirez Garcia, Jorge Alberto"]
[Result "1/2-1/2"]
[ECO "E08"]
[WhiteElo "2376"]
[BlackElo "2242"]
[Annotator "TA"]
[PlyCount "109"]
[EventDate "2022.06.16"]
[EventType "team-tourn"]
[EventCountry "FRA"]
[SourceTitle "playchess.com"]
[Source "ChessBase"]
[SourceQuality "1"]
[TimeControl "40/5400+30:1800+30"]

1. d4 d5 2. Nf3 Nf6 3. c4 e6 4. g3 Be7 5. Bg2 O-O 6. O-O c6 7. Qc2 b6 8. Rd1 Nbd7 9. Nc3 Bb7 10. b3 Rc8 11. Bb2 Qc7 12. e4 dxe4 {[%emt 0:07:09] E08: Closed Catalan: Main Line: 7 Qc2.} 13. Nxe4 c5 14. d5 {[%emt 0:02:34] Nfg5 is the strong threat.} (14. Nxf6+ {with more complications.} Bxf6 15. dxc5 bxc5 16. Rd2) 14... Nxe4 15. Qxe4 Nf6 (15... Bf6 $5 16. Qc2 exd5 $11) 16. Qc2 exd5 17. Be5 Qd7 18. Ng5 g6 $1 {[%emt 0:02:15] Strongly threatening ...d4.} 19. cxd5 Nxd5 20. h4 Rcd8 {[%emt 0:06:45] White must now prevent ...f6.} 21. Bb2 {[%emt 1:01:11] [#]} f6 $146 {[%emt 0:39:51][%mdl 2048] Black has good play.} ({Predecessor:} 21... Qc6 22. Ne4 Ba8 23. Rd2 Rd7 24. Re1 Rfd8 25. Qc1 Qc7 26. h5 b5 27. hxg6 hxg6 {1-0 (35) Donchenko,A (2604)-Krishna,C (2469) Caleta 2019}) 22. Nh3 {[%emt 0:00:30] aiming for Nf4.} Qc8 (22... Qe6 $5 ) 23. Qc4 Rf7 $1 24. h5 gxh5 25. Re1 (25. Rxd5 $11 Bxd5 26. Bxd5 Rxd5 27. Qxd5 Qxh3 28. Re1) 25... Kf8 (25... Bc6 $15 {feels stronger.}) 26. Rad1 $11 Rd6 27. Qc1 (27. Rxd5 $14 Bxd5 28. Bxd5 Rxd5 29. Qxd5 Qxh3 30. Re4 (30. Qc6 h4 $15)) 27... Nc7 $2 (27... Qf5 $15 {stays ahead.}) 28. Qh6+ (28. Bxb7 $16 Qxh3 29. Rxd6 Bxd6 30. Qd1) 28... Kg8 $14 29. Bxb7 Qxb7 (29... Qxh3 $14 30. Rxd6 Bxd6) 30. Nf4 $2 ({Less strong is} 30. Qxh5 Rxd1 31. Qxd1 Qc6 $14) (30. Rxd6 $1 $18 {[%cal Oh3g5] Threatening mate with Ng5!} Bxd6 31. Ng5) 30... Rxd1 $11 31. Rxd1 Qf3 32. Rd3 Qg4 33. Qxh5 Qxh5 34. Nxh5 Ne8 35. Rd7 Ng7 36. Nxg7 (36. Nf4 $5 ) 36... Kxg7 37. Rxa7 $14 {[%emt 0:00:04][%mdl 4096] Endgame KRB-KRB} Bd6 38. Ra6 Rb7 39. Kg2 Be5 (39... h5 $11 {remains equal.}) 40. Bxe5 $16 fxe5 {[%emt 0:00:02] [#] KR-KR} 41. Kf3 $1 Rf7+ 42. Ke3 Rf6 43. f3 h5 {[%emt 0:05:44] [#]} 44. a4 (44. Ra7+ $1 $16 Kh6 45. Re7) 44... Rg6 $1 $11 45. Kf2 Kh6 (45... Rf6 $11) 46. Ra7 Kg5 47. Re7 Kf5 48. Rh7 Kg5 {[%emt 0:00:00] The position is equal.} 49. Ke3 Rc6 50. Kd3 Rd6+ $1 51. Ke3 Rd4 52. a5 bxa5 53. Rc7 Rb4 54. Rxc5 Kf5 55. Rxa5 {[%emt 0:02:21] Weighted Error Value: White=0.25 (precise) /Black=0.30} 1/2-1/2

[Event "FRA-ch Teams Top 16-Bas 2022"]
[Site "Chartres"]
[Date "2022.06.16"]
[Round "8.29"]
[White "Solakian-Van Eyll, Jerome"]
[Black "Crut, Aurelien"]
[Result "1/2-1/2"]
[ECO "D02"]
[WhiteElo "2248"]
[BlackElo "2355"]
[Annotator "TA"]
[PlyCount "64"]
[EventDate "2022.06.16"]
[EventType "team-tourn"]
[EventCountry "FRA"]
[SourceTitle "playchess.com"]
[Source "ChessBase"]
[SourceQuality "1"]
[TimeControl "40/5400+30:1800+30"]

1. d4 d5 2. Nf3 Nf6 3. c3 g6 4. Bf4 Bg7 5. e3 O-O 6. Be2 c5 7. O-O Nc6 8. h3 Nd7 {[%emt 0:03:23] D02: 1 d4 d5 2 Nf3 sidelines, including 2...Nf6 3 g3 and 2...Nf6 3 Bf4.} 9. Nbd2 e5 10. Nxe5 Ndxe5 11. dxe5 Nxe5 12. Nf3 Nxf3+ 13. Bxf3 Be6 14. Qb3 {[%emt 0:05:26] And now Rfd1 would win.} Qd7 15. Rfd1 Rad8 {[%emt 0:08:06][%cal Ba8d8,Bd8d7,Bd7b7][%mdl 32] [#]} 16. Rd2 $146 ({Predecessor:} 16. Rac1 b6 17. Qa3 Qb5 18. Rd2 Rd7 19. Bd1 Qc6 20. Bf3 Qb5 21. Bd1 Qc6 22. Bf3 {0-1 (44) Bae,T (2413)-Mihajlov,S (2372) Norway 2017}) 16... a5 (16... Qc6 $11 {keeps the balance.}) 17. Qb6 {[%emt 0:09:54][%csl LRa5,LRc5] White is more active.} Qc6 18. Qxc6 bxc6 19. Bc7 Rd7 20. Bb6 ({But not} 20. Bxa5 Ra8 21. Bb6 Bf8 $15) 20... c4 21. Bxa5 Rb8 22. Bb4 Rdb7 23. Rad1 ({White should play} 23. a4 $14) 23... Bf8 $11 {[%emt 0:06:46] The position is equal.} 24. Bxf8 (24. a3 {is interesting.} c5 25. Bxd5 Bxd5 26. Rxd5 cxb4 27. axb4 Ra7 28. f4) 24... Kxf8 25. e4 Rxb2 26. exd5 cxd5 27. Rxb2 Rxb2 28. Bxd5 Bxd5 29. Rxd5 {[%emt 0:00:04] KR-KR} Rb1+ 30. Kh2 Rc1 31. Rd7 Rxc3 32. Rc7 Ra3 {[%emt 0:03:13] Weighted Error Value: White=0.07 (flawless) /Black=0.10 (very precise)} 1/2-1/2

[Event "FRA-ch Teams Top 16-Bas 2022"]
[Site "Chartres"]
[Date "2022.06.16"]
[Round "8.30"]
[White "Brailly-Vignal, Bastien"]
[Black "Sohier, Julien"]
[Result "0-1"]
[ECO "D10"]
[WhiteElo "2372"]
[BlackElo "2218"]
[Annotator "TA"]
[PlyCount "92"]
[EventDate "2022.06.16"]
[EventType "team-tourn"]
[EventCountry "FRA"]
[SourceTitle "playchess.com"]
[Source "ChessBase"]
[SourceQuality "1"]
[TimeControl "40/5400+30:1800+30"]

1. d4 d5 2. c4 c6 3. Nc3 Nf6 4. e3 Bf5 5. Qb3 Qb6 6. Qxb6 axb6 7. cxd5 Nxd5 $1 {[%emt 0:00:04] The main line 7...Nxd5 scores better than 7...cxd5. D10: Slav Defence: 3 cxd5 (without early Nf3) and 3 Nc3.} 8. Nxd5 cxd5 9. Bd2 Nc6 {[%emt 0:01:20] The position is equal.} 10. Nf3 f6 11. Bb5 Bd7 12. Ke2 e6 13. Bd3 Nb4 14. Bxb4 Bxb4 15. Rhc1 Bd6 {[%emt 0:03:49] [#]} 16. e4 $146 ({Predecessor:} 16. g3 Kf7 17. e4 dxe4 18. Bxe4 Bb5+ 19. Ke3 Ba6 20. a3 Rhc8 21. Nd2 g6 22. Bd3 {½-½ (38) Huch,R (2265)-Leeb,S (2219) Bayern 2020}) 16... dxe4 17. Bxe4 Ra7 (17... Bb5+ {feels hotter.} 18. Ke3 g5 19. g3 Ba6) 18. Nd2 b5 {[%emt 0:06:18] Against Nc4} 19. a3 Ke7 20. Rab1 g6 21. Rc3 f5 (21... Bxh2 $2 22. g3 $18) 22. Bf3 (22. Bc2 $15) 22... g5 {[%emt 0:25:05] [#] ...g4 is the strong threat.} ({Much less strong is} 22... Bxh2 23. g3 $14) 23. g3 h5 24. Kf1 (24. Rbc1 $142) 24... h4 (24... g4 $142 25. Bg2 b4) 25. Kg1 (25. b4 $142) 25... g4 $17 26. Bg2 h3 27. Bh1 (27. Bf1 $17) 27... Rc8 (27... b4 $19 {is more deadly.} 28. Rd3 bxa3 29. bxa3 b5) 28. Rxc8 Bxc8 29. Rc1 Bd7 30. d5 $2 {[%emt 0:03:08] This costs White the game.} (30. f3 $17) 30... e5 $19 31. f3 gxf3 32. Bxf3 Ra4 33. Nb3 (33. Nb1 {was the only chance.}) 33... b6 34. Bd1 b4 35. Nd2 Ra5 ({Inferior is} 35... bxa3 36. Bxa4 Bxa4 37. bxa3 $15) 36. a4 (36. Nc4 $142 Rxd5 37. Nxd6 Rxd6 38. axb4) 36... Rxd5 37. Nf3 (37. Nc4 $142) 37... Bc5+ 38. Kf1 e4 39. Ng1 Be3 40. Rb1 f4 41. gxf4 Bxf4 {[%emt 0:31:20] Threatens to win with ...Rd2.} 42. Bc2 e3 43. Nf3 Rc5 (43... Bg4 $142 44. Be4 Bxf3 45. Bxd5 Bxd5) 44. Bd3 Bxa4 45. Ra1 Ra5 {[%emt 0:00:00][%cal Oa4c2] [#] And now ...Bc2! would win.} 46. Rc1 {[%emt 0:00:00] Prevents Bc2.} (46. Ke2 $142 Bd7 47. Rb1) 46... e2+ {[%emt 0:00:00] Weighted Error Value: White=0.65/Black=0.24 (precise)} 0-1

[Event "FRA-ch Teams Top 16-Bas 2022"]
[Site "Chartres"]
[Date "2022.06.16"]
[Round "8.31"]
[White "Mendeiros, Jerome"]
[Black "Rouler, Charly"]
[Result "1/2-1/2"]
[ECO "A04"]
[WhiteElo "2097"]
[BlackElo "2345"]
[Annotator "TA"]
[PlyCount "93"]
[EventDate "2022.06.16"]
[EventType "team-tourn"]
[EventCountry "FRA"]
[SourceTitle "playchess.com"]
[Source "ChessBase"]
[SourceQuality "1"]
[TimeControl "40/5400+30:1800+30"]

1. e4 c5 2. Nf3 e6 3. d3 Nc6 4. g3 g6 5. Bg2 Bg7 6. O-O Nge7 7. Re1 e5 {[%emt 0:00:23] A04: Unusual lines after 1 Nf3 and King's Indian Attack.} 8. Nc3 d6 9. Nd2 {[%emt 0:01:06] [#]} Be6 $146 {[%emt 0:06:25] The position is equal.} ({Predecessor:} 9... O-O 10. Nc4 Be6 11. Ne3 Qd7 12. h4 f5 13. Ned5 Rae8 14. Bg5 Bxd5 15. exd5 Nd8 {0-1 (31) Neumann,F (2047)-Warmerdam,M (2475) Teplice 2019}) 10. Nd5 O-O 11. Nc4 f5 12. a4 Qd7 13. c3 Rae8 14. a5 Nc8 (14... Rf7 $11 {deserves consideration.}) 15. Rf1 h6 16. exf5 Bxf5 17. Nce3 Be6 18. Qa4 $1 a6 19. Be4 (19. b4 $14) 19... g5 $1 $11 20. Bd2 Bh3 21. Bg2 Bxg2 22. Kxg2 Qf7 23. Qe4 {[%emt 0:04:35] Active counter play!} Kh8 24. f3 N8e7 25. Nxe7 Qxe7 26. Nd5 Qf7 27. Ra3 Ne7 28. Nxe7 Rxe7 29. c4 {[%emt 0:00:26] Against d5} d5 ({Better is} 29... Bf6 $14) 30. cxd5 $16 Rd8 31. Be3 Rxd5 32. Rc1 $2 {[%emt 0:02:39][%mdl 8192] [#]} (32. h4 $16 {keeps the pressure on.}) 32... Red7 $2 (32... Rd4 $1 $19 33. Bxd4 exd4 34. Rxc5 (34. Qg4 $2 h5 $19) 34... Rxe4 35. fxe4 Qe6) 33. Bxc5 Bf6 34. Rac3 Kg7 35. Bb6 Qg6 36. Rd1 (36. Rc7 $16 Qxe4 37. dxe4) 36... Rb5 {[%emt 0:00:50] [#]} (36... Qxe4 $14 {feels stronger.} 37. fxe4 Rb5) 37. Rd2 (37. Qe2 $1 $16) 37... Be7 (37... Qxe4 $14 38. fxe4 Kg6) 38. Rdc2 Rbd5 39. Rc7 Rxd3 40. Rxd7 ({Don't play} 40. Qxe5+ Bf6 41. Qe2 h5 $16) (40. Qxb7 $18 {And now g4 would win.} g4 41. Rxd7 Rxd7 42. Qxd7 Qxc2+ 43. Kh1 Qc1+ 44. Bg1) 40... Rxd7 (40... Qxe4 $2 41. Rxe7+ (41. fxe4 Rxd7 42. Rc7 Rxc7 $11) 41... Kf8 42. fxe4 $18) 41. Qxe5+ Bf6 42. Qe2 Qf5 43. b4 h5 44. Rc7 Rxc7 45. Bxc7 Qd5 46. Bb6 {[%emt 0:00:00] Against Qd4} g4 47. Bc5 {[%emt 0:00:00] Weighted Error Value: White=0.28 (precise) /Black=0.35} 1/2-1/2

[Event "FRA-ch Teams Top 16-Bas 2022"]
[Site "Chartres"]
[Date "2022.06.16"]
[Round "8.32"]
[White "Djidjeli, Sarah"]
[Black "Auvray, Juliette"]
[Result "0-1"]
[ECO "B75"]
[WhiteElo "2040"]
[BlackElo "1970"]
[Annotator "NA RC"]
[PlyCount "124"]
[EventDate "2022.06.16"]
[EventType "team-tourn"]
[EventCountry "FRA"]
[SourceTitle "playchess.com"]
[Source "ChessBase"]
[SourceQuality "1"]
[TimeControl "40/5400+30:1800+30"]

1. e4 c5 2. Nf3 d6 3. d4 cxd4 4. Nxd4 Nf6 5. Nc3 g6 6. Be3 Bg7 7. f3 a6 8. Bc4 Nbd7 9. Qd2 h5 10. a4 Ne5 11. Bb3 Qc7 12. O-O O-O 13. Nde2 Kh7 14. Nf4 e6 15. a5 Ne8 16. Bb6 Nc4 17. Bxc4 Qxc4 18. Nh3 Bd7 19. f4 Rc8 20. Ra3 Bc6 21. f5 exf5 22. exf5 Qg4 23. Be3 Be5 24. fxg6+ Qxg6 25. Nf4 Bxf4 26. Bxf4 Rg8 27. Rf2 Nf6 28. h3 Bd7 29. Qd3 Bf5 30. Qg3 Be6 31. Qxg6+ Rxg6 32. Bxd6 Bxh3 33. Be7 Nd7 34. Nd5 Be6 35. Nf4 Rg4 36. Nxh5 Rcc4 37. Rd3 Kg6 38. Nf6 Nxf6 39. Rxf6+ Kg7 40. Rf2 Ra4 41. Bf6+ Kg6 42. Bc3 Ra1+ 43. Rf1 Rxf1+ 44. Kxf1 Bc4 45. Kf2 Bxd3 46. cxd3 Kf5 47. g3 Rg6 48. Kf3 Rd6 49. d4 b6 50. axb6 Rxb6 51. d5 Rg6 52. Bd4 Rg4 53. Bc3 Rc4 54. Ke3 Re4+ 55. Kf3 Rg4 56. Bf6 a5 57. d6 Rxg3+ 58. Kxg3 Kxf6 59. Kf4 Ke6 60. Kg5 Kxd6 61. Kf6 Kc5 62. Kxf7 Kb4 0-1